Map: Abyssal Reef LE

Players

Has - Winner!

  • Race: Protoss Protoss
  • Spawn Location: 11:00

Elazer

  • Race: Zerg Zerg
  • Spawn Location: 5:00

Event: WCS Valencia 2017

VOD

Have the link to the VOD?

Description

Time

  • Played on: July 14, 2017, 9:19 a.m.
  • Length: 19:54

All games in this series

Show
View Real Time Build Order
Export as new Build Order

Has Protoss - Winner!

Build Orders: 1 Gate Expand, Oracle Opening 

Get SALT Encoding   

  12  0:01  Probe (Chrono Boost)  
  13  0:11  Probe (Chrono Boost)  
  14  0:18  Pylon  
  14  0:22  Probe (Chrono Boost)  
  15  0:36  Probe (Chrono Boost)  
  15  0:38  Gateway  
  16  0:47  Probe (Chrono Boost)  
  16  0:49  Assimilator  
  17  0:57  Probe (Chrono Boost)  
  18  1:08  Probe (Chrono Boost)  
  19  1:23  Nexus  
  19  1:33  Cybernetics Core  
  19  1:37  Probe (Chrono Boost)  
  20  1:46  Assimilator  
  20  1:48  Probe (Chrono Boost)  
  21  1:58  Probe (Chrono Boost)  
  21  1:59  Pylon  
  22  2:09  Probe (Chrono Boost)  
  22  2:13  Stargate  
  23  2:19  Adept (Chrono Boost)  
  23  2:22  Probe  
  26  2:32  Warp Gate  
  26  2:34  Probe (Chrono Boost)  
  26  2:35  Probe (Chrono Boost)  
  28  2:45  Probe (Chrono Boost)  
  28  2:47  Probe (Chrono Boost)  
  30  2:55  Probe (Chrono Boost)  
  30  2:57  Void Ray (Chrono Boost)  
  35  3:00  Probe  
  35  3:05  Probe  
  38  3:14  Pylon  
  38  3:16  Mothership Core (Chrono Boost)  
  38  3:17  Probe (Chrono Boost)  
  39  3:28  Probe  
  40  3:34  Probe  
  40  3:40  Probe  
  45  3:41  Oracle (Chrono Boost)  
  45  3:48  Nexus  
  45  3:49  Probe  
  46  3:55  Pylon  
  46  3:59  Probe, Assimilator  
  46  4:00  Probe  
  48  4:07  Assimilator  
  48  4:11  Probe  
  48  4:12  Oracle (Chrono Boost)  
  48  4:15  Probe  
  48  4:16  Pylon  
  52  4:23  Probe  
  54  4:26  Probe  
  55  4:35  Probe  
  55  4:36  Probe  
  57  4:42  Stargate  
  57  4:43  Assimilator  
  56  4:47  Probe x2  
  56  4:52  Stargate  
  58  4:57  Probe  
  58  4:59  Probe  
  60  5:01  Probe  
  60  5:08  Probe  
  60  5:11  Probe x2  
  60  5:12  Pylon  
  63  5:14  Stargate  
  63  5:16  Assimilator  
  63  5:19  Probe  
  63  5:20  Oracle (Chrono Boost)  
  67  5:22  Probe  
  67  5:23  Probe  
  69  5:29  Probe  
  69  5:32  Probe  
  71  5:35  Probe  
  71  5:36  Oracle (Chrono Boost)  
  71  5:42  Probe  
  76  5:43  Probe  
  76  5:47  Forge  
  76  5:48  Probe  
  77  5:53  Probe, Oracle (Chrono Boost)  
  77  5:54  Probe  
  85  5:58  Oracle (Chrono Boost)  
  85  6:00  Probe, Pylon  
  85  6:03  Nexus  
  86  6:06  Pylon  
  86  6:10  Oracle (Chrono Boost)  
  89  6:12  Probe  
  89  6:15  Probe  
  91  6:21  Photon Cannon  
  91  6:24  Probe, Oracle (Chrono Boost)  
  94  6:31  Oracle x2 (Chrono Boost)  
  94  6:32  Probe  
  101  6:38  Probe  
  102  6:43  Oracle (Chrono Boost)  
  102  6:45  Probe x2  
  106  6:56  Oracle (Chrono Boost)  
  109  7:02  Pylon  
  109  7:04  Pylon  
  109  7:05  Pylon  
  109  7:15  Probe x3, Oracle (Chrono Boost)  
  118  7:19  Oracle (Chrono Boost)  
  118  7:20  Oracle (Chrono Boost)  
  118  7:28  Oracle (Chrono Boost)  
  107  7:46  Probe, Oracle (Chrono Boost)  
  107  7:47  Probe x2  
  107  7:49  Probe  
  107  7:50  Oracle (Chrono Boost), Assimilator  
  107  7:51  Assimilator  
  114  7:56  Probe  
  114  7:58  Oracle (Chrono Boost)  
  118  7:59  Probe x2  
  118  8:01  Photon Cannon  
  118  8:02  Photon Cannon, Oracle (Chrono Boost)  
  118  8:03  Probe, Photon Cannon  
  118  8:05  Photon Cannon  
  124  8:06  Photon Cannon  
  124  8:07  Pylon x2  
  124  8:09  Photon Cannon  
  124  8:10  Probe, Photon Cannon  
  125  8:13  Probe  
  129  8:21  Oracle x2 (Chrono Boost)  
  132  8:30  Oracle (Chrono Boost)  
  138  8:34  Oracle (Chrono Boost)  
  138  8:35  Probe x2  
  138  8:36  Probe  
  138  8:37  Nexus  
  138  8:38  Probe  
  138  8:40  Pylon  
  142  8:41  Pylon  
  142  8:52  Oracle (Chrono Boost)  
  130  8:57  Oracle (Chrono Boost)  
  130  9:00  Oracle (Chrono Boost)  
  118  9:08  Fleet Beacon  
  118  9:09  Probe x2  
  120  9:13  Photon Cannon  
  120  9:14  Photon Cannon  
  120  9:15  Photon Cannon  
  120  9:18  Photon Cannon x2  
  120  9:23  Protoss Air Weapons Level 1 (Chrono Boost)  
  120  9:24  Oracle (Chrono Boost)  
  120  9:25  Stargate  
  120  9:26  Stargate  
  123  9:32  Photon Cannon  
  123  9:33  Photon Cannon  
  123  9:34  Photon Cannon  
  123  9:37  Photon Cannon  
  123  9:38  Photon Cannon  
  123  9:42  Photon Cannon  
  126  9:48  Photon Cannon  
  126  9:49  Probe  
  126  9:51  Assimilator  
  126  9:52  Probe x2  
  128  9:53  Probe  
  128  9:54  Probe, Assimilator  
  134  10:00  Probe  
  134  10:02  Probe, Carrier  
  130  10:12  Carrier  
  130  10:13  Carrier x2  
  154  10:30  Graviton Catapult (Chrono Boost)  
  154  10:34  Photon Cannon  
  154  10:38  Photon Cannon  
  154  10:40  Photon Cannon  
  154  10:41  Photon Cannon  
  154  10:42  Photon Cannon  
  154  10:43  Photon Cannon  
  154  10:45  Photon Cannon, Pylon  
  154  10:49  Photon Cannon x2  
  154  10:52  Pylon  
  154  10:55  Carrier  
  160  11:00  Carrier  
  166  11:06  Protoss Air Weapons Level 2  
  166  11:13  Photon Cannon  
  166  11:15  Photon Cannon  
  166  11:16  Photon Cannon, Carrier  
  166  11:17  Pylon  
  166  11:25  Pylon  
  166  11:27  Carrier  
  166  11:28  Pylon  
  172  11:35  Pylon  
  172  11:37  Pylon  
  172  11:39  Carrier  
  184  11:45  Cybernetics Core  
  168  12:02  Carrier (Chrono Boost)  
  147  12:27  Carrier (Chrono Boost)  
  144  12:36  Probe  
  123  12:38  Probe  
  123  12:41  Carrier (Chrono Boost)  
  127  12:44  Probe  
  127  12:45  Probe  
  127  12:47  Probe  
  127  12:50  Probe  
  134  12:58  Carrier (Chrono Boost)  
  134  13:05  Carrier (Chrono Boost)  
  140  13:08  Nexus  
  138  13:14  Probe  
  138  13:16  Probe x2  
  142  13:20  Probe  
  142  13:24  Probe  
  143  13:33  Carrier (Chrono Boost)  
  149  13:40  Probe  
  149  13:41  Protoss Air Weapons Level 3 (Chrono Boost)  
  149  13:43  Probe  
  151  13:52  Probe  
  151  13:55  Probe  
  148  14:00  Carrier (Chrono Boost)  
  154  14:05  Mothership Core  
  156  14:14  Pylon  
  156  14:16  Pylon, Oracle (Chrono Boost)  
  159  14:30  Carrier (Chrono Boost)  
  159  14:35  Oracle (Chrono Boost)  
  168  14:39  Photon Cannon  
  168  14:46  Protoss Air Armor Level 1 (Chrono Boost)  
  168  14:49  Photon Cannon  
  168  14:51  Carrier (Chrono Boost)  
  174  15:08  Carrier (Chrono Boost)  
  186  15:21  Carrier (Chrono Boost)  
  186  15:34  Carrier (Chrono Boost)  
  198  16:30  Protoss Air Armor Level 2 (Chrono Boost)  
  187  17:45  Oracle  
  187  17:50  Oracle x2  
  155  19:05  Pylon  
  155  19:07  Pylon  
  155  19:09  Pylon  
  155  19:10  Pylon  
  155  19:12  Pylon  
  155  19:15  Pylon  
  155  19:16  Pylon, Nexus  
  155  19:17  Forge  
  155  19:27  Fleet Beacon  
  155  19:38  Pylon  
  155  19:39  Pylon  
  155  19:40  Pylon  
Show
View Real Time Build Order
Export as new Build Order

Elazer Zerg 

Build Orders: Pool First 

Get SALT Encoding   

  12  0:00  Drone  
  13  0:12  Overlord  
  13  0:17  Drone  
  14  0:30  Drone x2  
  14  0:34  Drone  
  17  0:43  Extractor  
  17  0:44  Drone  
  17  0:49  Spawning Pool  
  16  0:55  Drone  
  17  1:06  Drone  
  18  1:17  Drone  
  19  1:23  Hatchery  
  18  1:36  Queen  
  18  1:37  Zergling x2  
  21  1:44  Metabolic Boost  
  21  1:51  Overlord  
  21  1:55  Drone  
  22  2:13  Queen  
  25  2:15  Drone  
  25  2:17  Zergling x2  
  25  2:22  Drone  
  27  2:32  Drone  
  27  2:35  Pneumatized Carapace, Drone  
  29  2:44  Zergling x2  
  29  2:45  Drone  
  29  2:46  Drone  
  32  2:56  Hatchery  
  31  2:59  Zergling x2  
  31  3:01  Drone  
  33  3:08  Drone  
  33  3:11  Drone, Overlord  
  35  3:13  Drone  
  36  3:20  Evolution Chamber  
  36  3:22  Drone  
  36  3:28  Overlord  
  36  3:29  Drone x3  
  39  3:36  Queen  
  39  3:40  Overlord  
  41  3:45  Overlord  
  41  3:49  Drone  
  41  3:50  Drone  
  41  3:52  Drone  
  43  3:56  Zerg Melee Weapons Level 1  
  43  4:01  Drone  
  44  4:06  Drone  
  44  4:07  Spore Crawler  
  44  4:08  Spore Crawler  
  44  4:09  Drone x2  
  45  4:11  Drone  
  45  4:16  Queen  
  46  4:22  Drone x2  
  46  4:23  Drone  
  51  4:26  Drone x2  
  51  4:29  Drone  
  51  4:31  Spore Crawler  
  53  4:33  Overlord  
  53  4:35  Drone  
  54  4:40  Drone x3  
  54  4:42  Drone  
  54  4:45  Drone  
  59  4:46  Drone  
  59  4:49  Drone  
  59  4:50  Drone  
  62  4:53  Queen  
  62  4:57  Overlord  
  62  4:58  Drone x2  
  66  5:01  Drone x2  
  66  5:04  Drone  
  66  5:05  Extractor, Drone  
  69  5:10  Spore Crawler, Drone  
  69  5:12  Overlord  
  69  5:13  Drone x2  
  71  5:18  Drone  
  71  5:24  Overlord  
  71  5:26  Drone  
  72  5:32  Zergling x8  
  72  5:34  Lair  
  76  5:36  Baneling Nest, Extractor  
  76  5:41  Zergling x2  
  76  5:42  Extractor, Zergling x4  
  76  5:46  Hatchery, Drone x3  
  76  5:47  Drone  
  76  5:53  Extractor  
  76  5:54  Overlord, Zerg Missile Weapons Level 1  
  76  5:55  Drone x2  
  76  5:56  Drone x2  
  79  6:00  Drone  
  80  6:06  Drone  
  80  6:07  Drone  
  82  6:12  Drone  
  82  6:16  Spore Crawler, Drone  
  82  6:21  Overlord  
  82  6:22  Drone x2  
  82  6:23  Extractor, Drone x2  
  82  6:25  Drone x3  
  88  6:30  Spore Crawler  
  87  6:35  Hydralisk Den, Overlord  
  87  6:36  Drone  
  87  6:38  Drone  
  87  6:39  Drone x3  
  88  6:44  Overlord  
  88  6:47  Drone  
  88  6:51  Hatchery  
  88  6:55  Queen  
  88  6:56  Queen  
  88  6:57  Queen  
  94  7:03  Overlord  
  94  7:06  Spore Crawler  
  94  7:08  Drone x2  
  95  7:10  Hydralisk  
  95  7:11  Hydralisk x7  
  95  7:14  Hydralisk  
  113  7:20  Hydralisk x3  
  109  7:26  Hydralisk x3  
  109  7:29  Hydralisk  
  101  7:34  Drone x3  
  87  7:44  Hydralisk x4  
  87  7:46  Hydralisk  
  87  7:48  Drone  
  98  7:52  Drone  
  98  7:55  Drone x3  
  98  7:57  Drone  
  103  7:59  Drone x2  
  103  8:01  Spore Crawler  
  104  8:08  Drone x5  
  104  8:09  Drone x2  
  111  8:13  Hydralisk x2  
  111  8:16  Overlord  
  111  8:17  Zerg Missile Weapons Level 2  
  115  8:21  Overlord  
  115  8:22  Hydralisk  
  115  8:24  Hydralisk  
  119  8:29  Hydralisk x3  
  125  8:36  Overlord  
  125  8:38  Hydralisk x3  
  131  8:45  Hydralisk x3  
  131  8:47  Hydralisk  
  121  8:56  Hydralisk x4  
  121  8:58  Hydralisk x2  
  115  9:03  Hydralisk  
  115  9:04  Hydralisk x2  
  115  9:09  Hydralisk x3  
  125  9:12  Hydralisk x2  
  125  9:16  Hydralisk  
  133  9:19  Hydralisk x2  
  133  9:22  Muscular Augments  
  133  9:23  Hydralisk  
  139  9:27  Hydralisk  
  139  9:30  Overseer  
  141  9:37  Hydralisk x2  
  145  9:39  Overlord  
  145  9:42  Overlord  
  145  9:45  Centrifical Hooks  
  145  9:46  Zergling x8  
  145  9:47  Hatchery  
  145  9:50  Zergling x4  
  150  9:53  Overlord  
  150  9:57  Zergling x14  
  157  10:01  Hydralisk  
  157  10:02  Hydralisk  
  157  10:12  Queen  
  155  10:17  Hydralisk  
  155  10:18  Hydralisk x6  
  147  10:31  Hydralisk x4  
  147  10:35  Zergling x12  
  161  10:41  Baneling x5  
  161  10:42  Baneling, Zergling x4  
  163  10:45  Zergling x6  
  163  10:49  Zergling x4  
  167  10:51  Baneling x3  
  167  10:55  Zergling x6  
  168  11:02  Baneling x4  
  168  11:03  Baneling x2, Zergling x10  
  173  11:08  Zergling x6  
  173  11:09  Zergling x2  
  177  11:15  Zergling x4  
  177  11:16  Zergling x4  
  179  11:18  Baneling x5  
  179  11:19  Baneling x2  
  172  11:33  Baneling x6  
  172  11:37  Zergling x12  
  173  11:54  Zergling x14  
  155  12:00  Zergling x6  
  155  12:01  Zergling x8  
  137  12:08  Hydralisk x7  
  134  12:13  Zergling x6  
  139  12:26  Hydralisk  
  139  12:27  Hydralisk x4  
  120  12:37  Hydralisk x2  
  120  12:40  Hydralisk  
  118  12:50  Hydralisk  
  118  12:51  Hydralisk  
  114  12:57  Drone  
  114  12:58  Hydralisk  
  115  13:06  Drone x9  
  115  13:07  Hydralisk x3  
  115  13:10  Hydralisk  
  132  13:15  Baneling x3  
  132  13:16  Baneling  
  132  13:17  Baneling  
  132  13:24  Hydralisk x2  
  132  13:33  Zerg Ground Armor Level 1  
  132  13:36  Extractor, Drone x3  
  132  13:40  Overlord x3  
  132  13:41  Hydralisk x2  
  138  13:49  Hydralisk x3  
  138  13:51  Overlord  
  138  13:52  Zergling x10  
  146  13:58  Hydralisk x3  
  152  14:03  Extractor  
  152  14:04  Drone x3, Overlord  
  152  14:05  Hydralisk x2  
  152  14:08  Zergling x28  
  172  14:15  Hydralisk x3  
  178  14:25  Hydralisk, Baneling x5  
  178  14:26  Hydralisk  
  182  14:32  Drone  
  182  14:33  Drone x2  
  182  14:34  Infestation Pit  
  182  14:36  Extractor  
  183  14:38  Hydralisk  
  183  14:39  Hydralisk  
  183  14:43  Hydralisk x2  
  183  14:45  Hatchery  
  190  14:58  Drone  
  190  14:59  Drone x3  
  194  15:05  Overlord  
  194  15:08  Hatchery  
  194  15:11  Pathogen Glands  
  193  15:20  Drone x7  
  200  15:23  Spore Crawler  
  200  15:25  Spore Crawler x4  
  200  15:26  Overseer  
  195  15:30  Zerg Ground Armor Level 2  
  195  15:36  Infestor x2  
  195  15:42  Infestor x2  
  195  15:48  Burrow  
  199  15:51  Spore Crawler  
  199  15:52  Spore Crawler, Drone x2, Extractor  
  199  15:53  Spore Crawler x2  
  199  15:54  Infestor  
  198  16:06  Infestor  
  198  16:10  Spore Crawler x2  
  198  16:11  Infestor  
  198  16:16  Neural Parasite  
  200  16:27  Spore Crawler  
  200  16:28  Spore Crawler x2, Overseer x3  
  200  16:29  Spore Crawler  
  200  16:31  Infestor  
  196  16:47  Drone x3  
  196  16:48  Spore Crawler  
  196  16:52  Spore Crawler, Overseer  
  196  16:53  Infestor  
  199  16:54  Spore Crawler x2  
  199  16:55  Spore Crawler  
  196  17:12  Spire, Drone  
  196  17:13  Spire  
  195  17:21  Infestor x2  
  199  17:29  Hydralisk x3  
  142  17:51  Hydralisk x2  
  142  17:52  Hydralisk x2  
  142  17:55  Hydralisk x3  
  156  17:59  Hydralisk x6  
  156  18:00  Hydralisk  
  156  18:04  Extractor  
  169  18:05  Extractor  
  166  18:15  Hydralisk x3  
  166  18:16  Hatchery  
  150  18:24  Hydralisk x6  
  147  18:32  Overlord  
  147  18:33  Overlord x7  
  134  18:40  Spore Crawler x2  
  134  18:41  Spore Crawler  
  130  18:42  Spore Crawler x2  
  113  19:10  Spore Crawler x3  
  110  19:32  Hatchery  
Tags
 
Add a new tag
Caveats
  • Supply blocks, unpowered buildings, or Contaminate may cause inaccurate times.
  • Supply counts are checked every 10 seconds.